[Event "WYCC 2018 O14"]
[Site "Halkidiki"]
[Date "2018.10.29"]
[Round "10"]
[White "Juhasz, Agoston"]
[Black "Tsay, Vincent"]
[Result "0-1"]
[ECO "B40"]
[WhiteElo "2174"]
[BlackElo "2310"]
[Annotator "NA"]
[PlyCount "112"]
[EventDate "2018.10.20"]
[EventType "swiss"]
[EventCountry "GRE"]
[SourceTitle "playchess.com"]
[Source "ChessBase"]
[SourceQuality "1"]
[TimeControl "40/5400+30:1800+30"]

1. e4 c5 2. Nf3 e6 3. g3 Nc6 4. Bg2 d5 5. exd5 exd5 6. d4 Nf6 7. O-O Be7 8. Nc3 O-O 9. dxc5 Bxc5 10. a3 {[%emt 0:01:44] LiveBook: 11 Games B40: Sicilian: 2...e6, Unusual lines} a6 11. b4 Be7 12. h3 $146 ({Predecessor:} 12. Bb2 Bf5 13. Nd4 Bg6 14. Re1 Re8 15. Nb3 d4 16. Ne2 d3 17. cxd3 Qxd3 18. Qxd3 Bxd3 {1-0 (53) Illescas Cordoba,M (2608)-Suarez Garcia,C (2321) Linares 2013}) 12... Be6 13. Be3 b5 14. Nd4 Rc8 15. Nxc6 Rxc6 16. Ne2 Qc8 17. Nd4 Rc4 18. Kh2 (18. Nxe6 $11 fxe6 19. Re1) 18... Bd6 19. Rc1 h6 20. Nb3 Bxh3 21. Bd4 Ng4+ 22. Kg1 Bxg2 23. Kxg2 Re8 24. Bc5 Bxc5 25. Nxc5 Qf5 26. Qd3 g6 27. Nxa6 Ra8 28. Qxf5 gxf5 29. Nc5 Rxa3 30. Nd3 Rac3 31. Rfd1 Rxc2 32. Rxc2 Rxc2 33. Kf1 d4 34. Ke1 Kg7 35. Rc1 Rxc1+ 36. Nxc1 Kf6 37. f3 Ne3 38. Ke2 Ke5 39. Kd3 Nd1 40. Nb3 Nf2+ 41. Ke2 Nh1 42. Kd3 Nxg3 43. Nxd4 h5 44. Nxb5 h4 45. Nc3 h3 46. Nd1 h2 47. Nf2 Kf4 48. Kd2 Kxf3 49. Ke1 Kf4 50. b5 Ke5 51. Kd1 Kd5 52. Kc2 h1=Q 53. Nxh1 Nxh1 54. Kd3 Ng3 55. b6 $19 Kc6 56. Ke3 Nh5 0-1

[Event "WYCC 2018 O14"]
[Site "Halkidiki"]
[Date "2018.10.29"]
[Round "10"]
[White "Lopez Varela, Pablo"]
[Black "Chatzieleftheriou, Andreas"]
[Result "0-1"]
[ECO "C02"]
[WhiteElo "2172"]
[BlackElo "1984"]
[Annotator "NA"]
[PlyCount "50"]
[EventDate "2018.10.20"]
[EventType "swiss"]
[EventCountry "GRE"]
[SourceTitle "playchess.com"]
[Source "ChessBase"]
[SourceQuality "1"]
[TimeControl "40/5400+30:1800+30"]

1. e4 e6 2. d4 d5 3. e5 c5 4. c3 Nc6 5. Nf3 Bd7 6. Bd3 Rc8 7. dxc5 Bxc5 8. O-O Nge7 9. Qe2 Ng6 10. Re1 O-O 11. h4 f6 $15 ({Much worse is} 11... Nxh4 $6 {[#]} 12. Bxh7+ $1 Kxh7 13. Ng5+ Kg6 14. Qg4 $14) 12. exf6 Qxf6 13. Bg5 Qf7 14. Qc2 e5 15. h5 e4 16. hxg6 Qxg6 17. Qb3 Rxf3 18. Bxe4 Bxf2+ 19. Kf1 Rf5 20. Rd1 Bb6+ 21. Bf3 Rxf3+ 22. gxf3 Bh3+ 23. Ke2 Re8+ 24. Be3 Qg2+ 25. Kd3 Rxe3# {[%emt 0:00:07] Kd4} 0-1

[Event "WYCC 2018 O14"]
[Site "Halkidiki"]
[Date "2018.10.29"]
[Round "10"]
[White "Srihari L R"]
[Black "Dardha, Daniel"]
[Result "1/2-1/2"]
[ECO "A01"]
[WhiteElo "2170"]
[BlackElo "2316"]
[Annotator "NA"]
[PlyCount "104"]
[EventDate "2018.10.20"]
[EventType "swiss"]
[EventCountry "GRE"]
[SourceTitle "playchess.com"]
[Source "ChessBase"]
[SourceQuality "1"]
[TimeControl "40/5400+30:1800+30"]

1. b3 d5 2. Bb2 Nf6 3. e3 c5 4. Nf3 Nc6 5. Bb5 {[%emt 0:03:41] LiveBook: 195 Games} Bd7 6. O-O e6 7. d4 {[%emt 0:01:02] A06: Réti Opening:1 Nf3 d5} (7. Bxc6 Bxc6 8. Ne5 Rc8 9. d3 Nd7 10. Nxc6 Rxc6 11. Nd2 Nf6 12. f4 Bd6 13. Nf3 O-O 14. Ne5 Bxe5 15. fxe5 {½-½ (44) Aronian,L (2764)-Vachier Lagrave,M (2789) Paris 2018}) 7... Be7 8. Nbd2 O-O 9. a3 Nxd4 10. Nxd4 cxd4 11. Bxd7 $146 ({Predecessor:} 11. Bd3 dxe3 12. fxe3 Ne8 13. e4 dxe4 14. Nxe4 f5 {0-1 (31) Abdijapar,A-Tologontegin,S (2355) Bishkek 2010}) 11... dxe3 12. Bb5 exd2 13. Qxd2 Ne4 14. Qe2 Bf6 15. Bxf6 Qxf6 16. Qe3 Nc3 17. Bd3 d4 18. Qd2 e5 19. Rfe1 Rfe8 20. f3 Rad8 21. a4 g6 22. Rf1 Kg7 23. Rae1 Qd6 24. g4 $19 Nd5 25. Kh1 Nf4 26. Bc4 f6 27. Re4 Nd5 28. Bxd5 Qxd5 29. Rfe1 h6 30. h3 Qc6 31. Qd3 Rc8 32. R4e2 Qc3 33. Qe4 Qc6 34. Qd3 Qa6 35. Qxa6 bxa6 36. f4 Rc5 37. b4 Rc4 38. fxe5 Rxe5 39. Rxe5 fxe5 40. Rxe5 Rxc2 41. Rd5 Rd2 42. Kg1 Kf6 43. Kf1 Ke6 44. Ra5 Rh2 45. Rxa6+ Kd5 46. Rxa7 Kc4 47. b5 d3 48. Ke1 d2+ 49. Kd1 Kd3 50. Rd7+ Kc3 51. Rc7+ Kd3 52. Rd7+ Kc3 1/2-1/2

[Event "WYCC 2018 O14"]
[Site "Halkidiki"]
[Date "2018.10.29"]
[Round "10"]
[White "Patrelakis, Evaggelos"]
[Black "Tadic, Stefan"]
[Result "1/2-1/2"]
[ECO "B29"]
[WhiteElo "2146"]
[BlackElo "2295"]
[Annotator "ChessBase"]
[PlyCount "112"]
[EventDate "2018.10.20"]
[EventType "swiss"]
[EventCountry "GRE"]
[SourceTitle "playchess.com"]
[Source "ChessBase"]
[SourceQuality "1"]
[TimeControl "40/5400+30:1800+30"]

1. e4 c5 2. Nf3 Nf6 3. Nc3 Nc6 4. d4 d5 5. exd5 Nxd5 6. dxc5 Nxc3 7. Qxd8+ Nxd8 8. bxc3 f6 9. Be3 e5 10. Nd2 f5 11. Nf3 f4 12. Bb5+ Ke7 13. Bd2 Kf6 14. h3 Bxc5 15. O-O a6 16. Bd3 Bd7 17. Rfe1 Re8 18. c4 Bc6 19. Be4 Rc8 20. Bc3 Nf7 21. Rad1 Re7 22. h4 g6 23. Bd5 Bxd5 24. Rxd5 Bd6 25. Nd2 Bb8 26. Bb4 Ree8 27. Rd7 Rc7 28. Ne4+ Kf5 29. Rd6 Nxd6 30. Nxd6+ Ke6 31. Nxe8 Rxc4 32. c3 Rc8 33. Ng7+ Kf6 34. Rd1 Rg8 35. Ne8+ Rxe8 36. Rd7 e4 37. Kf1 Be5 38. Rxb7 Rc8 39. Rb6+ Kf5 40. Rxa6 Bxc3 41. Ra5+ Kf6 42. Rc5 Rxc5 43. Bxc5 Ke5 44. Ke2 Kd5 45. Be7 Be5 46. Bb4 Bf6 47. Bd2 f3+ 48. gxf3 exf3+ 49. Kxf3 Bxh4 50. Kg2 Bxf2 51. Kxf2 Kc6 52. Kf3 Kb5 53. a3 Ka4 54. Bb4 h5 55. Kf4 h4 56. Kg4 g5 1/2-1/2

[Event "WYCC 2018 O14"]
[Site "Halkidiki"]
[Date "2018.10.29"]
[Round "10"]
[White "Galkin, Gleb"]
[Black "Ozenir, Ekin Baris"]
[Result "1-0"]
[ECO "E15"]
[WhiteElo "2134"]
[BlackElo "2293"]
[Annotator "NA"]
[PlyCount "109"]
[EventDate "2018.10.20"]
[EventType "swiss"]
[EventCountry "GRE"]
[SourceTitle "playchess.com"]
[Source "ChessBase"]
[SourceQuality "1"]
[TimeControl "40/5400+30:1800+30"]

1. d4 Nf6 2. Nf3 e6 3. c4 b6 4. g3 Bb7 5. Bg2 g6 6. O-O Bg7 7. Nc3 Ne4 8. Nxe4 Bxe4 9. Bg5 {A50: Queen's Fianchetto Defence (1 d4 Nf6 2 c4 b6)} (9. Ne5 Bxg2 10. Kxg2 c5 11. Be3 Bxe5 12. dxe5 Qc7 13. Bd2 Nc6 14. Bc3 O-O-O 15. f4 h5 16. e3 g5 {0-1 (39) Fedoseev,V (2731)-Rodshtein,M (2695) Tbilisi 2017}) 9... Qc8 10. Qd2 h6 11. Be3 Qb7 12. Rac1 d6 13. Rfd1 Nd7 14. b4 Nf6 15. Ne1 $146 ({Predecessor:} 15. d5 e5 16. Nh4 Bxg2 17. Nxg2 {½-½ (88) Bhakti,K (2256)-Sachdev,T (2413) Bhayandar 2015}) 15... Bxg2 16. Nxg2 Ng4 17. c5 Nxe3 18. Nxe3 d5 19. Ng4 h5 20. Ne5 O-O 21. cxb6 axb6 22. Nc6 Ra3 23. Rc2 Kh7 24. b5 Qa8 25. Rb1 Bh6 26. e3 Bg7 27. Rbb2 Rc8 28. Qe2 Bf6 29. h3 Kg7 30. Qf3 Qa4 31. Qg2 h4 32. g4 g5 33. Qf1 Re8 34. Qe1 Be7 35. Nxe7 Rxe7 36. Qc1 Rd3 37. Kg2 Qa3 38. Rb1 Qa8 39. Rbb2 Qd8 40. Rc6 Ra3 41. Rbc2 Ra7 42. e4 Rd7 43. e5 Ra4 44. Qe3 Qe7 45. f4 Qa3 46. R6c3 Qb4 47. f5 Qxd4 48. Qxg5+ Kf8 49. fxe6 Qe4+ 50. Kh2 Re7 51. Rf2 Qh7 52. Rxc7 Rxe6 53. Qd8+ Re8 54. Qf6 Kg8 55. Rxf7 1-0

[Event "WYCC 2018 O14"]
[Site "Halkidiki"]
[Date "2018.10.29"]
[Round "10"]
[White "Marn, Jan"]
[Black "Shinn, Jungmin"]
[Result "1/2-1/2"]
[ECO "E46"]
[WhiteElo "2125"]
[BlackElo "1659"]
[Annotator "NA"]
[PlyCount "77"]
[EventDate "2018.10.20"]
[EventType "swiss"]
[EventCountry "GRE"]
[SourceTitle "playchess.com"]
[Source "ChessBase"]
[SourceQuality "1"]
[TimeControl "40/5400+30:1800+30"]

1. d4 e6 2. c4 Nf6 3. Nc3 Bb4 4. e3 O-O 5. Nge2 d5 6. a3 Bd6 7. c5 Be7 8. Nf4 b6 9. b4 a5 {[%emt 0:00:21] E46: Nimzo-Indian: Rubinstein: 4 e3 0-0 5 Ne2 without early Bd3} 10. Bd2 (10. Bb2 axb4 11. axb4 Rxa1 12. Bxa1 Nc6 13. b5 Nxd4 14. exd4 bxc5 15. dxc5 Bxc5 16. Bd3 d4 17. Ne4 {½-½ (44) Navara,D (2735)-Cheparinov,I (2681) Jerusalem 2015}) 10... c6 11. Bd3 Nbd7 12. O-O e5 $146 ({Predecessor:} 12... Ba6 13. f3 Qc7 14. Bxa6 Rxa6 15. Qe2 Ra7 {1-0 (38) Marn,J (2063)-Bratkovic,J (2223) Ljubljana 2018}) 13. dxe5 Nxe5 14. Na4 Nxd3 15. Nxd3 Ba6 16. Bc3 Bxd3 17. Qxd3 axb4 18. axb4 bxc5 19. Nxc5 Bxc5 $11 20. bxc5 Ne4 21. Bd4 Qe7 22. Qc2 Ng5 23. Rfc1 Ne6 24. Be5 Rxa1 25. Bxa1 Ra8 26. Be5 Nxc5 27. Bd4 Ne6 28. Qxc6 Rd8 29. Bb6 Rb8 30. h3 Nd8 31. Bxd8 Rxd8 32. Qb6 h6 33. Rc7 Qd6 34. Qb7 Qf6 35. Re7 d4 36. Qe4 dxe3 37. Re8+ Rxe8 38. Qxe8+ Kh7 39. Qxe3 1/2-1/2

[Event "WYCC 2018 O14"]
[Site "Halkidiki"]
[Date "2018.10.29"]
[Round "10"]
[White "Wang, Alex"]
[Black "Cohen Revivo, Shoham"]
[Result "1/2-1/2"]
[ECO "C07"]
[WhiteElo "2076"]
[BlackElo "2289"]
[Annotator "NA"]
[PlyCount "58"]
[EventDate "2018.10.20"]
[EventType "swiss"]
[EventCountry "GRE"]
[SourceTitle "playchess.com"]
[Source "ChessBase"]
[SourceQuality "1"]
[TimeControl "40/5400+30:1800+30"]

1. e4 e6 2. d4 d5 3. Nd2 c5 4. exd5 Qxd5 5. Ngf3 cxd4 6. Bc4 Qd7 7. O-O Nc6 8. Nb3 Nf6 9. Nbxd4 Nxd4 10. Nxd4 a6 11. Re1 Qc7 12. Bb3 Bd6 13. Nf5 Bxh2+ 14. Kh1 O-O {[%emt 0:00:17] [#]} 15. Nxg7 $1 Kxg7 (15... Rd8 $14 16. Qf3 Kxg7 17. Bh6+ Kg6) 16. Qd4 e5 17. Qh4 Ng4 {[%emt 0:00:11] LiveBook: 7 Games} 18. f3 Qd8 19. Bg5 $18 f6 20. fxg4 fxg5 21. Qxh2 Rf4 22. g3 Rf3 23. Rxe5 Qf6 24. Rae1 Rf1+ 25. Rxf1 Qxf1+ 26. Qg1 Qh3+ 27. Qh2 Qf1+ 28. Qg1 Qh3+ 29. Qh2 Qf1+ 1/2-1/2

[Event "WYCC 2018 O14"]
[Site "Halkidiki"]
[Date "2018.10.29"]
[Round "10"]
[White "Runets, Ivan"]
[Black "Wernberg, Hugo"]
[Result "1/2-1/2"]
[ECO "D02"]
[WhiteElo "2047"]
[BlackElo "1956"]
[Annotator "NA"]
[PlyCount "103"]
[EventDate "2018.10.20"]
[EventType "swiss"]
[EventCountry "GRE"]
[SourceTitle "playchess.com"]
[Source "ChessBase"]
[SourceQuality "1"]
[TimeControl "40/5400+30:1800+30"]

1. d4 d5 2. Nf3 Nf6 3. Bf4 c5 4. c3 e6 5. e3 Nc6 6. Nbd2 Be7 7. h3 Bd6 8. Bxd6 Qxd6 9. Be2 O-O 10. O-O e5 11. dxe5 Nxe5 12. Nxe5 Qxe5 13. Nf3 Qe7 14. Qa4 Bd7 15. Qh4 Bc6 16. Rfd1 Rfe8 17. a4 Ne4 18. Qxe7 Rxe7 19. a5 Rae8 20. Bf1 g5 21. c4 dxc4 22. Bxc4 h5 23. Nh2 Kg7 24. Bd5 f5 25. Rac1 Bxd5 26. Rxd5 Kg6 27. Nf1 b6 28. axb6 axb6 29. Rcd1 Re5 30. Rd7 R5e7 31. R7d3 b5 32. Rd5 Re5 33. Rd7 R5e7 34. Rxe7 Rxe7 35. Rd5 Rc7 36. f3 Nf6 37. Rd6 b4 38. Rb6 Ra7 39. Nd2 Ra1+ 40. Kf2 Rc1 41. b3 Kg7 42. Nc4 Rc2+ 43. Kg1 Rc1+ 44. Kh2 Nd5 45. Rd6 Rd1 46. Rc6 Rd3 47. e4 fxe4 48. fxe4 Ne3 49. Rc7+ Kf6 50. Rc6+ Kg7 51. Rc7+ Kf6 52. Rc6+ {[%emt 0:00:34] Ke5} 1/2-1/2

[Event "WYCC 2018 O14"]
[Site "Halkidiki"]
[Date "2018.10.29"]
[Round "10"]
[White "Karadzhov, Ivan"]
[Black "Bolognese, Leonardo"]
[Result "0-1"]
[ECO "D45"]
[WhiteElo "2040"]
[BlackElo "1947"]
[Annotator "NA"]
[PlyCount "144"]
[EventDate "2018.10.20"]
[EventType "swiss"]
[EventCountry "GRE"]
[SourceTitle "playchess.com"]
[Source "ChessBase"]
[SourceQuality "1"]
[TimeControl "40/5400+30:1800+30"]

1. d4 d5 2. c4 e6 3. Nc3 c6 4. e3 Nf6 5. Nf3 Nbd7 6. b3 Bb4 7. Bd2 O-O 8. Bd3 b6 9. O-O Bd6 10. e4 dxe4 11. Nxe4 Nxe4 12. Bxe4 Bb7 13. Qc2 h6 14. b4 Nf6 15. c5 Bc7 16. a4 Nxe4 17. Qxe4 Ba6 18. Rfc1 Rb8 19. cxb6 axb6 20. Qxc6 Bd6 21. Qc3 Bb7 22. Ne5 Rc8 23. Qe3 Qh4 24. f4 Bxe5 25. dxe5 Qg4 26. Qf2 Rcd8 27. Be3 Rd3 28. Re1 Rfd8 29. h3 Qg6 30. b5 Rc3 31. Ra2 Rdd3 32. Ree2 Rxe3 33. Rxe3 Rxe3 34. Kh2 Qe4 35. Rd2 Rd3 36. Rxd3 Qxd3 37. Qxb6 Qe4 38. Qd8+ Kh7 39. Qd2 Qxa4 40. Qd3+ Qe4 41. Qd2 Qd5 42. Qc2+ g6 43. b6 Qd4 44. Qc7 Qxf4+ 45. Kg1 Bd5 46. b7 Qe3+ 47. Kh2 Qf2 48. Qxf7+ Qxf7 49. b8=Q Qb7 50. Qe8 Bxg2 51. Qxe6 Bd5 52. Qg4 Qb2+ 53. Kg1 Qb1+ 54. Kf2 Qf5+ 55. Qxf5 gxf5 56. Kg3 Kg6 57. Kf4 Be4 58. h4 Kf7 59. Kg3 Ke6 60. Kf4 Bb1 61. h5 Bc2 62. Kf3 Kxe5 63. Kg3 Ke4 64. Kf2 Kf4 65. Kg2 Ke3 66. Kg3 f4+ 67. Kg2 f3+ 68. Kf1 Bd3+ 69. Kg1 f2+ 70. Kg2 f1=Q+ 71. Kh2 Qf2+ 72. Kh1 Be4# 0-1

[Event "WYCC 2018 O14"]
[Site "Halkidiki"]
[Date "2018.10.29"]
[Round "10"]
[White "Kasioumis, Vasilios"]
[Black "Tanriverdi, Enes"]
[Result "1-0"]
[ECO "B48"]
[WhiteElo "2038"]
[BlackElo "2317"]
[Annotator "NA"]
[PlyCount "87"]
[EventDate "2018.10.20"]
[EventType "swiss"]
[EventCountry "GRE"]
[SourceTitle "playchess.com"]
[Source "ChessBase"]
[SourceQuality "1"]
[TimeControl "40/5400+30:1800+30"]

1. e4 c5 2. Nf3 e6 3. d4 cxd4 4. Nxd4 Nc6 5. Nc3 Qc7 6. Be3 a6 7. Qf3 Bd6 8. O-O-O Be5 9. g3 b5 10. Qe2 Bb7 11. Qd2 b4 12. Na4 Nf6 13. Nc5 $2 {[%emt 0:10:20] [#]} (13. Bg2 $11 {and White is okay.}) 13... Qa5 $18 (13... Bxd4 $1 $19 {avoids the disaster.} 14. Bxd4 Nxd4 15. Nxb7 (15. Qxd4 $2 Rc8 $19) 15... e5) 14. Nxb7 Qxa2 15. Qd3 Qa1+ 16. Kd2 Qxb2 17. Nxc6 dxc6 18. Bc5 Nd7 19. Bd6 Ra7 20. Bxe5 Qxe5 21. Nd6+ Ke7 22. Ke2 Nc5 23. Qc4 Na4 24. Rd2 Nc3+ 25. Ke1 Rd8 26. f4 Qa5 27. e5 Nb1 28. Rd3 b3+ 29. Kf2 Nd2 30. Qxc6 Rc7 31. Nb7 Rxc6 32. Nxa5 Rxc2 33. Rxd8 Kxd8 34. Bd3 Ra2 35. Ke3 b2 36. Rd1 Ra3 37. Kxd2 Rxa5 38. Kc2 Ra1 39. Rb1 g6 40. Kxb2 Ra5 41. Ra1 Rd5 42. Kc3 a5 43. Bc4 Rc5 44. Kd4 1-0

[Event "WYCC 2018 O14"]
[Site "Halkidiki"]
[Date "2018.10.29"]
[Round "10"]
[White "Bassini, Emile"]
[Black "Gombocz, Ferenc Jr."]
[Result "1-0"]
[ECO "C60"]
[WhiteElo "2002"]
[BlackElo "2271"]
[Annotator "NA"]
[PlyCount "91"]
[EventDate "2018.10.20"]
[EventType "swiss"]
[EventCountry "GRE"]
[SourceTitle "playchess.com"]
[Source "ChessBase"]
[SourceQuality "1"]
[TimeControl "40/5400+30:1800+30"]

1. e4 e5 2. Nf3 Nc6 3. Bb5 g6 4. Nc3 Bg7 5. d3 a6 6. Ba4 {[%emt 0:00:12] LiveBook: 3 Games} d6 7. Bg5 f6 8. Be3 Nh6 9. d4 Bd7 10. dxe5 Nxe5 11. Bb3 Nhf7 12. Nxe5 Nxe5 13. Qe2 Qc8 14. O-O Be6 15. Nd5 Bf7 $18 16. f4 Nc6 17. e5 fxe5 18. fxe5 O-O 19. exd6 Kh8 20. Nxc7 Bxb3 21. axb3 Rb8 22. c3 Qd7 23. Rad1 Be5 24. Bh6 Rf5 25. Rxf5 gxf5 26. Qd2 Rg8 27. Bf4 Qg7 28. Bxe5 Nxe5 29. Qe2 f4 30. Re1 Ng4 31. Nd5 Qg5 32. Qd2 Ne5 33. Kh1 Nd3 34. Ne7 f3 35. Qxg5 Rxg5 36. d7 Nf2+ 37. Kg1 Nh3+ 38. Kf1 fxg2+ 39. Ke2 Nf4+ 40. Kd2 Ne6 41. Rxe6 Rg8 42. Nxg8 g1=Q 43. d8=Q Qxh2+ 44. Re2 Qf4+ 45. Kc2 Qf5+ 46. Qd3 1-0

[Event "WYCC 2018 O14"]
[Site "Halkidiki"]
[Date "2018.10.29"]
[Round "10"]
[White "Misyura, Ilya"]
[Black "Munshi, Aditya"]
[Result "1/2-1/2"]
[ECO "E06"]
[WhiteElo "1967"]
[BlackElo "2133"]
[Annotator "NA"]
[PlyCount "59"]
[EventDate "2018.10.20"]
[EventType "swiss"]
[EventCountry "GRE"]
[SourceTitle "playchess.com"]
[Source "ChessBase"]
[SourceQuality "1"]
[TimeControl "40/5400+30:1800+30"]

1. d4 Nf6 2. c4 e6 3. g3 d5 4. Nf3 Be7 5. Bg2 O-O 6. Qb3 c5 7. cxd5 Qxd5 8. Nc3 Qxb3 9. axb3 Nc6 10. dxc5 $11 {[%emt 0:00:41] LiveBook: 3 Games} e5 11. O-O Bxc5 12. Na4 Be7 13. Nb6 Rb8 14. Nxc8 Rbxc8 15. Be3 b6 16. Nh4 Na5 17. Nf5 Rfe8 18. Bg5 Bf8 19. Bxf6 gxf6 20. Ra4 Red8 21. Rg4+ Kh8 22. Ra1 Nxb3 23. Rxa7 Rc1+ 24. Bf1 Nd2 25. Rxf7 Rxf1+ 26. Kg2 Rc1 27. Rh4 h6 28. Nxh6 Bxh6 29. Rxh6+ Kg8 30. Rhh7 1/2-1/2

[Event "WYCC 2018 O14"]
[Site "Halkidiki"]
[Date "2018.10.29"]
[Round "10"]
[White "Dao, Minh Nhat"]
[Black "Ognean, Mihnea-Ionut"]
[Result "1-0"]
[ECO "A45"]
[WhiteElo "1956"]
[BlackElo "2291"]
[Annotator "NA"]
[PlyCount "101"]
[EventDate "2018.10.20"]
[EventType "swiss"]
[EventCountry "GRE"]
[SourceTitle "playchess.com"]
[Source "ChessBase"]
[SourceQuality "1"]
[TimeControl "40/5400+30:1800+30"]

1. d4 Nf6 2. Bg5 e6 3. Nd2 h6 4. Bh4 c5 5. e3 b6 6. Ngf3 Bb7 7. Bd3 Be7 8. c3 Nc6 9. O-O O-O 10. a3 d6 {[%emt 0:07:07] LiveBook: 11 Games} 11. Qe2 a6 $146 {[%emt 0:17:35] A46: 1 d4 Nf6 2 Nf3 e6: Torre, London and Colle Systems} ({Predecessor:} 11... Nh5 12. Bxe7 Qxe7 13. Ba6 Nf6 14. Bxb7 Qxb7 15. Rad1 Rfd8 16. Rfe1 Rac8 17. h3 a6 18. Nf1 Na5 19. Ng3 cxd4 20. exd4 {0-1 (62) Beletic,D (2286)-Carlsen,M (2840) chess.com INT 2017}) 12. Rfd1 Nh5 13. Bxe7 Qxe7 14. b4 a5 15. b5 Nb8 16. Nc4 Nd7 17. dxc5 bxc5 18. Nxd6 Bd5 19. Nc4 f5 20. Nfe5 Nxe5 21. Nxe5 Qh4 $18 22. g3 Qh3 23. Qf1 Qxf1+ 24. Bxf1 Rfd8 25. c4 Be4 26. Bg2 Nf6 27. Bxe4 Nxe4 28. Nc6 Rd6 29. Rab1 Kf7 30. f3 Nd2 31. Rxd2 Rxd2 32. b6 Ra2 33. b7 Re8 34. b8=Q Rxb8 35. Rxb8 Rxa3 36. Rb5 a4 37. Rxc5 Rxe3 38. Ra5 a3 39. Nd4 Rc3 40. Ra4 Kf6 41. Kf2 g5 42. Ke2 Ke5 43. Nb5 Rc2+ 44. Kd3 Rf2 45. Nd4 a2 46. Ra6 Kf6 47. Rxe6+ Kf7 48. Ra6 Rxh2 49. c5 Ke7 50. Ra7+ Kd8 51. c6 1-0

[Event "WYCC 2018 O14"]
[Site "Halkidiki"]
[Date "2018.10.29"]
[Round "10"]
[White "Horobrijs, Daniils"]
[Black "Czopor, Maciej"]
[Result "0-1"]
[ECO "B80"]
[WhiteElo "1918"]
[BlackElo "2219"]
[Annotator "NA"]
[PlyCount "76"]
[EventDate "2018.10.20"]
[EventType "swiss"]
[EventCountry "GRE"]
[SourceTitle "playchess.com"]
[Source "ChessBase"]
[SourceQuality "1"]
[TimeControl "40/5400+30:1800+30"]

1. e4 c5 2. Nf3 e6 3. d4 cxd4 4. Nxd4 Nf6 5. Nc3 d6 6. Be3 a6 7. f3 b5 8. Qd2 b4 {[%emt 0:00:52] B80: Sicilian Scheveningen: 6 g3 and 6 Be3, including English Attack} (8... Bb7 9. g4 Nfd7 10. O-O-O Nb6 11. Nb3 N8d7 12. Na5 Rb8 13. Bd4 Ba8 14. h4 Qc7 15. g5 b4 16. Nb1 e5 17. Bxb6 Rxb6 18. Nc4 Rc6 19. Ne3 {1-0 (70) Aronian,L (2767)-Nakamura,H (2777) Saint Louis 2018}) 9. Na4 Nbd7 10. O-O-O Bb7 11. Qxb4 Rb8 12. Qe1 $146 ({Predecessor:} 12. Qd2 d5 13. exd5 Nxd5 14. Bg5 Qc7 15. Nb3 Bb4 16. Qd4 O-O {1-0 (67) Solodovnichenko,Y (2526)-Voicu Jagodzinsky,C (2254) playchess.com INT 2006}) 12... Be7 13. g4 Ne5 14. g5 Nfd7 15. f4 Bxe4 16. fxe5 Bxh1 17. exd6 Bxg5 18. Bxa6 O-O 19. Kb1 Bxe3 20. Qxe3 $19 Qa5 21. Qd3 Qxa4 22. Bb5 Rxb5 23. Qxb5 Qxb5 24. Nxb5 Bb7 25. Nc7 e5 26. c4 f5 27. b4 f4 28. Kc1 f3 29. Rf1 Rf4 30. Kd2 Rxc4 31. Ne6 Rxb4 32. Ke3 Re4+ 33. Kf2 Re2+ 34. Kg3 Rg2+ 35. Kh3 Be4 36. Nc7 Bf5+ 37. Kh4 Rg4+ 38. Kh5 Nf6# {[%emt 0:00:15] Rh1} 0-1

[Event "WYCC 2018 O14"]
[Site "Halkidiki"]
[Date "2018.10.29"]
[Round "10"]
[White "Radojicic, Aleksandar M"]
[Black "Soriano Quispe, Ivan Excender"]
[Result "0-1"]
[ECO "A45"]
[WhiteElo "1814"]
[BlackElo "2054"]
[Annotator "NA RC"]
[PlyCount "162"]
[EventDate "2018.10.20"]
[EventType "swiss"]
[EventCountry "GRE"]
[SourceTitle "playchess.com"]
[Source "ChessBase"]
[SourceQuality "1"]
[TimeControl "40/5400+30:1800+30"]

1. d4 Nf6 2. g3 e6 3. Bg2 d5 4. Nf3 c5 5. c3 Nc6 6. O-O Be7 7. Re1 O-O 8. Bg5 h6 9. Bxf6 Bxf6 10. dxc5 Qe7 11. e4 dxe4 12. Nfd2 Rd8 13. Qe2 Qxc5 14. Nxe4 Qe7 15. f4 Bd7 16. Nbd2 g6 17. Nxf6+ Qxf6 18. Rad1 Be8 19. h4 Qf5 20. Kh2 h5 21. Ne4 Rxd1 22. Rxd1 Rb8 23. b4 Ne7 24. c4 Bc6 25. Qd3 Bxe4 26. Bxe4 Qf6 27. Rd2 Nc6 28. Bxc6 bxc6 29. a3 Rb6 30. c5 Rb7 31. Qd6 Qc3 32. Rd3 Qe1 33. Rd2 a5 34. Qd8+ Kh7 35. Qd4 axb4 36. axb4 Ra7 37. Qf2 Qc1 38. Rb2 Rb7 39. Qd2 Qa1 40. Kg2 Qa3 41. Qd4 Qa1 42. Qd2 Rb8 43. Kh2 Rb7 44. Kg2 Kg7 45. Ra2 Qb1 46. Qb2+ Qxb2+ 47. Rxb2 Kf6 48. Kf3 Kf5 49. b5 cxb5 50. c6 Rc7 51. Rxb5+ Kf6 52. Rc5 Ke7 53. g4 Kd6 54. Ra5 hxg4+ 55. Kxg4 Rxc6 56. h5 gxh5+ 57. Rxh5 Rc4 58. Ra5 f6 59. Kf3 Rc5 60. Ra1 Rc3+ 61. Kf2 Kd5 62. Re1 Ra3 63. Re2 Rh3 64. Kg2 Rh5 65. Re3 Rf5 66. Kg3 e5 67. fxe5 fxe5 68. Rd3+ Kc4 69. Rd8 e4 70. Rd7 e3 71. Kg2 e2 72. Rc7+ Kd3 73. Rd7+ Kc2 74. Rc7+ Kd1 75. Rd7+ Ke1 76. Rd8 Rg5+ 77. Kh2 Kf2 78. Rf8+ Ke3 79. Re8+ Kf3 80. Kh1 e1=Q+ 81. Rxe1 Kf2 0-1

[Event "WYCC 2018 O14"]
[Site "Halkidiki"]
[Date "2018.10.29"]
[Round "10"]
[White "Ong, Yi Herng Joel"]
[Black "Rasti, Arvin"]
[Result "1/2-1/2"]
[ECO "A46"]
[WhiteElo "1730"]
[BlackElo "2064"]
[Annotator "NA"]
[PlyCount "26"]
[EventDate "2018.10.20"]
[EventType "swiss"]
[EventCountry "GRE"]
[SourceTitle "playchess.com"]
[Source "ChessBase"]
[SourceQuality "1"]
[TimeControl "40/5400+30:1800+30"]

1. d4 Nf6 2. Nf3 d5 3. c4 c6 4. Qc2 e6 5. e3 Nbd7 6. Bd3 Bd6 7. O-O O-O 8. Nc3 Re8 9. e4 dxe4 10. Nxe4 Nxe4 11. Bxe4 h6 12. b3 Nf6 13. Bb2 Qa5 1/2-1/2

[Event "WYCC 2018 O14"]
[Site "Halkidiki"]
[Date "2018.10.30"]
[Round "11"]
[White "Ognean, Mihnea-Ionut"]
[Black "Patrelakis, Evaggelos"]
[Result "1-0"]
[ECO "E92"]
[WhiteElo "2291"]
[BlackElo "2146"]
[Annotator "NA"]
[PlyCount "79"]
[EventDate "2018.10.20"]
[EventType "swiss"]
[EventCountry "GRE"]
[SourceTitle "playchess.com"]
[Source "ChessBase"]
[SourceQuality "1"]
[TimeControl "40/5400+30:1800+30"]

1. d4 Nf6 2. c4 g6 3. Nc3 Bg7 4. e4 d6 5. Nf3 O-O 6. Be2 e5 7. d5 a5 8. Bg5 h6 9. Be3 Ng4 10. Bc1 Na6 11. h3 Nf6 12. Be3 Nh5 13. Nd2 {[%emt 0:00:05] E92: King's Indian: Classical: 6 Be2 e5: 7 dxe5, 7 Be3 and Petrosian System without 7...Nbd7} Nf4 14. Bf1 Nb4 (14... Nc5 15. Nb3 Nxb3 16. axb3 c5 17. g3 Nh5 18. h4 Nf6 19. Bh3 Bxh3 20. Rxh3 Qd7 {0-1 (62) Ikonnikov,V (2546)-Miciano,J (2381) Vlissingen 2018}) 15. Ndb1 g5 $146 ({Predecessor:} 15... Bd7 16. g3 Nh5 17. a3 Na6 18. Nd2 Nf6 19. Be2 Nh7 20. Qb3 b6 {½-½ (61) Yakovlev,O (2364)-Santamaria Perez,T (2364) ICCF email 2014}) 16. a3 Na6 17. g3 Ng6 18. Nd2 f5 19. exf5 Bxf5 20. Nde4 b6 21. Be2 Nc5 22. Bxc5 bxc5 23. Bg4 Qd7 24. Qe2 Ne7 25. a4 (25. O-O-O $16) 25... c6 26. Rd1 cxd5 27. Nxd5 Nxd5 28. Rxd5 Bxg4 29. hxg4 Qxa4 30. O-O Rab8 31. Nxd6 ({Weaker is} 31. Rxd6 Qa2 $16) 31... Qb3 32. Nf5 Qxb2 33. Qe4 Rf7 34. Rfd1 Rbf8 35. Rd7 a4 36. Rxf7 Rxf7 37. Rd8+ Rf8 38. Ne7+ Kf7 39. Qd5+ Kxe7 40. Rd7+ 1-0